 Dungeon Crawl Stone Soup version 0.28-a0-1152-g9c71ebef14 (webtiles) character file.

Game seed: 5619087666192649194

392 cheechan the Chiller (level 6, -8/37 HPs)
             Began as an Octopode Ice Elementalist on Dec 14, 2021.
             Mangled by a wyvern zombie (13 damage)
             ... on level 4 of the Dungeon.
             The game lasted 00:16:38 (4065 turns).

cheechan the Chiller (Octopode Ice Elementalist)    Turns: 4065, Time: 00:16:38

Health: -8/37      AC:  1    Str:  7    XL:     6   Next: 81%
Magic:  11/11      EV: 14    Int: 19    God:
Gold:   115        SH:  0    Dex: 19    Spells: 7/12 levels left

rFire   . . .      SeeInvis .   h - +0 hand crossbow
rCold   . . .      Faith    .   (no shield)
rNeg    . . .      Spirit   .   (helmet restricted)
rPois   .          Reflect  .   (no amulet)
rElec   .          Harm     .   t - +6 ring of dexterity
rCorr   .          Rampage  .   (no ring)
Will    .....                   (no ring)
Stlth   ++++......              (no ring)
HPRegen 0.12/turn               (no ring)
MPRegen 0.12/turn               (no ring)
                                (no ring)
                                (no ring)

@: no status effects
A: almost no armour, amphibious, 8 rings, camouflage 1, gelatinous body 1,
(nimble swimmer 1), tentacles
a: no special abilities


You were on level 4 of the Dungeon.
You visited 1 branch of the dungeon, and saw 4 of its levels.
You also visited: Sewer.

You collected 115 gold pieces.

Inventory:

Hand Weapons
 a - a +2 short sword of electrocution
 h - a +0 hand crossbow (weapon)
 o - a +2 vorpal hand axe
 r - a +2 dagger of venom
Missiles
 f - 88 stones
 i - 37 arrows
 k - 6 boomerangs
 l - 4 poisoned darts
 m - 39 bolts (quivered ammo)
Armour
 q - a +0 buckler
Jewellery
 t - a +6 ring of dexterity (left tentacle)
Scrolls
 j - 2 scrolls of fear
Potions
 b - 2 potions of heal wounds
 c - 2 potions of invisibility
 d - a potion of brilliance {unknown}
 e - 3 potions of curing
 g - a potion of attraction {unknown}
 n - a potion of magic {unknown}
 p - a potion of cancellation {unknown}
 s - a potion of haste {unknown}


   Skills:
 + Level 0.8 Fighting
 + Level 1.1 Short Blades
 + Level 2.0 Crossbows
 + Level 0.1 Throwing
 + Level 2.4 Dodging
 + Level 3.8 Stealth
 + Level 3.9 Spellcasting
 + Level 5.6 Ice Magic


You had 7 spell levels left.
You knew the following spells:

 Your Spells              Type           Power      Damage    Failure   Level
a - Freeze                Ice            100%       1d11      1%          1
b - Frozen Ramparts       Ice            50%        1d7       4%          3
c - Pain                  Necr           12%        1d4       14%         1

Your spell library contained the following spells:

 Spells                   Type           Power      Damage    Failure   Level
 Ozocubu's Armour         Ice            25%        N/A       4%          3
 Hailstorm                Conj/Ice       14%        3d5       41%         4
 Agony                    Necr           3%         N/A       98%         5
 Excruciating Wounds      Necr           1%         N/A       98%         5


Dungeon Overview and Level Annotations

Branches:
Dungeon (4/15)              Sewer (visited)
 Temple: D:4-7

Altars:
Wu Jian

Shops:
D:3 :


Innate Abilities, Weirdness & Mutations

You cannot wear most types of armour.
You are amphibious.
You can wear up to eight rings at the same time.
Your skin changes colour to match your surroundings (Stealth+).
Your rubbery body absorbs attacks. (AC +1, EV +1)
((You are camouflaged near water. (Stealth+)))
You have tentacles for arms and can constrict up to eight enemies at once.


Message History

The bolt hits the wyvern zombie but does no damage.
The wyvern zombie is lightly damaged.
The wyvern zombie barely misses you.
Fire: 44 bolts
Press: ? - help, Shift-Dir - straight line, f/p - wyvern zombie
Aim: a wyvern zombie (lightly damaged, 81% to hit)
You shoot a bolt. The bolt hits the wyvern zombie!
The wyvern zombie is moderately damaged.
The wyvern zombie barely misses you.
The wyvern zombie bites you but does no damage.
Fire: 43 bolts
Press: ? - help, Shift-Dir - straight line, f/p - wyvern zombie
Aim: a wyvern zombie (moderately damaged, 81% to hit)
You shoot a bolt. The bolt hits the wyvern zombie.
The wyvern zombie is heavily damaged.
The wyvern zombie barely misses you. The wyvern zombie closely misses you.
Unknown command.
Fire: 42 bolts
Press: ? - help, Shift-Dir - straight line, f/p - wyvern zombie
Aim: a wyvern zombie (heavily damaged, 81% to hit)
You shoot a bolt. The bolt hits the wyvern zombie!
The wyvern zombie is severely damaged.
The wyvern zombie bites you. x2
Unknown command.
Fire: 41 bolts
Press: ? - help, Shift-Dir - straight line, f/p - wyvern zombie
Aim: a wyvern zombie (severely damaged, 81% to hit)
You shoot a bolt. The bolt hits the wyvern zombie.
The wyvern zombie is severely damaged.
The wyvern zombie bites you! The wyvern zombie barely misses you.
Unknown command.
Fire: 40 bolts
Press: ? - help, Shift-Dir - straight line, f/p - wyvern zombie
Aim: a wyvern zombie (severely damaged, 81% to hit)
You shoot a bolt. The bolt hits the wyvern zombie.
The wyvern zombie is almost destroyed.
The wyvern zombie bites you!
* * * LOW HITPOINT WARNING * * *
The wyvern zombie bites you!
You die...

###### .....#
.....# ..(..#
.(...#
########Z....#
#......@..#
#.........#
#.........#
#.........#
#.........#
#.........#
##.....####
#.....#
#.....#


You could see a wyvern zombie.

Vanquished Creatures
  Pargi (Sewer)
  An ogre (D:4)
  A centaur zombie (D:4)
  Jessica (D:2)
  An orc wizard (D:4)
  A gnoll (D:2)
  2 adders
  An ufetubus (D:4)
  An adder skeleton (D:4)
  3 worms (D:2)
  A dart slug (D:3)
  8 orcs
  2 bats
  3 endoplasms
  6 giant cockroaches
  8 goblins
  7 hobgoblins
  4 jackals (D:4)
  A quokka (D:4)
  3 ball pythons
  4 frilled lizards
  13 kobolds
  7 rats
80 creatures vanquished.

Vanquished Creatures (others)
  2 plants (D:3)
2 creatures vanquished.

Grand Total: 82 creatures vanquished

Notes
Turn   | Place    | Note
-------+----------+-------------------------------------------
     0 | D:1      | cheechan the Octopode Ice Elementalist began the quest for
                  | the Orb.
     0 | D:1      | Reached XP level 1. HP: 11/11 MP: 3/3
   284 | D:1      | Reached XP level 2. HP: 17/17 MP: 5/5
   979 | D:2      | Reached XP level 3. HP: 20/21 MP: 1/6
   982 | D:2      | Found an ornate altar of the Wu Jian Council.
  1005 | D:2      | Noticed Jessica
  1013 | D:2      | Killed Jessica
  1247 | D:2      | Reached XP level 4. HP: 13/27 MP: 5/7
  1982 | D:3      | Reached skill level 1 in Short Blades
  2216 | D:3      | Reached XP level 5. HP: 28/31 MP: 9/9
  2249 | D:3      | Reached skill level 5 in Ice Magic
  2517 | D:3      | Found Ifygreis's Book Emporium.
  2563 | D:3      | Found a faded altar of an unknown god.
  2585 | D:3      | Learned a level 3 spell: Frozen Ramparts
  2884 | D:4      | Found a glowing drain.
  2893 | Sewer    | Entered a sewer
  3263 | Sewer    | Noticed Pargi
  3269 | Sewer    | Killed Pargi
  3270 | Sewer    | Reached skill level 1 in Crossbows
  3270 | Sewer    | Reached XP level 6. HP: 5/37 MP: 1/11
  3993 | D:4      | Learned a level 1 spell: Pain
  4065 | D:4      | Mangled by a wyvern zombie

Illustrated notes

Levels and vault maps discovered:
D:1:      kennysheep_arrival_seaside, layout_loops_cross
D:2:      minmay_evil_eye, layout_basic, basic_altar, uniq_jessica
D:3:      wad_lake_hut, layout_rooms, serial_shops, nicolae_shop_statue_plus,
          shapermc_ecumenical_altar_pompeii
D:4:      layout_gridville, gup_sewer_entry_bowl

Skill      XL: |  1  2  3  4  5  6 |
---------------+-------------------+-----
Stealth        | 3 |  3.8
Short Blades   | 1 |  1.1
Ice Magic      | 5 |  5.6
Spellcasting   | 3 |  3.9
Crossbows      | 1 2 |  2.0
Fighting       | |  0.8
Throwing       | |  0.1
Dodging        | |  2.4

Action                   |  1- 3 |  4- 6 || total
-------------------------+-------+-------++-------
Melee: Short sword       |    20 |    11 ||    31
       Constrict         |     3 |     5 ||     8
       Tentacles         |     2 |     3 ||     5
       Hand crossbow     |       |     6 ||     6
 Fire: Hand crossbow     |       |    46 ||    46
Throw: Boomerang         |       |    11 ||    11
 Cast: Freeze            |    21 |    62 ||    83
       Frozen Ramparts   |       |     4 ||     4
  Use: Scroll            |     8 |     5 ||    13
 Stab: Sleeping          |     2 |     4 ||     6
Armor: Skin              |     2 |    10 ||    12
Dodge: Dodged            |    25 |    66 ||    91

Table legend: (Time is in decaauts)
 A = Elapsed time spent in this place.
 B = Non-inter-level travel time spent in this place.
 C = Inter-level travel time spent in this place.
 D = Time resting spent in this place.
 E = Time spent auto-exploring this place.
 F = Levels seen in this place.
 G = Mean time per level.
                   A        B        C        D        E       F      G
               +--------+--------+--------+--------+--------+-----+--------+
         Total |   4091 |   4091 |      0 |    488 |      0 |   5 |  818.2 |
       Dungeon |   3435 |   3435 |      0 |      9 |      0 |   4 |  858.8 |
         Sewer |    656 |    656 |      0 |    479 |      0 |   1 |  656.0 |
               +--------+--------+--------+--------+--------+-----+--------+

Top non-repeatable levels by time:
     D:2: 1201 daAuts
     D:4: 750 daAuts
     D:3: 745 daAuts
     D:1: 737 daAuts
   Sewer: 656 daAuts
